[ AOE2 MATCH · #507338659 ]
UnrankedByzantines vs Muisca
Player's team · LOSS
Rival team · WIN
[ REPLAY ANALYSIS · EXTRACTED FROM THE RECORDED GAME ]
Feudal
10:31
Castle
19:43
Imperial
—
| APM avg | 33.4 |
| APM peak | 64 |
| eAPM avg | 18.0 |
| Villagers / military | 72 / 11 |
Focus
⚔️ 32.5% · 🌾 67.5%
Militia ×4 · Skirmisher ×3 · Scout Cavalry ×3 · Camel Scout ×1
Feudal
10:46
Castle
14:57
Imperial
—
| APM avg | 38.1 |
| APM peak | 92 |
| eAPM avg | 12.2 |
| Villagers / military | 37 / 13 |
Focus
⚔️ 18.8% · 🌾 81.2%
Monk ×11 · Unknown (2586) ×6 · Spearman ×2 · Unknown (1570) ×1
Match map
Initial resources + every placement click. Lines = walls · curves = elevation contours. ◆ gold · ⬟ stone · ● berries · ✦ relic · ◌ wall gap
Your base· Open — unwalled flank
CalZing's base· Open — unwalled flank
Smoothed initial terrain · ◌ = detected wall gap · hover for details
Inputs per minute
— pabloic16 - - CalZing
Build order — pabloic16
141 actions detected in the replay
| 0:00 | Queue | Villager (Male) |
| 0:01 | Queue | Villager (Male) |
| 0:02 | Build | House |
| 0:03 | Build | House |
| 0:29 | Queue | Villager (Male) |
| 0:30 | Queue | Villager (Male) |
| 0:30 | Queue | Villager (Male) |
| 0:30 | Queue | Villager (Male) |
| 1:30 | Queue | Villager (Male) |
| 1:30 | Queue | Villager (Male) |
| 1:30 | Queue | Villager (Male) |
| 1:49 | Build | Lumber Camp |
| 1:50 | Queue | Villager (Male) |
| 1:50 | Queue | Villager (Male) |
| 2:24 | Queue | Villager (Male) |
| 2:24 | Queue | Villager (Male) |
| 2:54 | Queue | Villager (Male) |
| 2:54 | Queue | Villager (Male) |
| 3:16 | Queue | Villager (Male) |
| 3:16 | Queue | Villager (Male) |
| 3:48 | Build | House |
| 4:04 | Queue | Villager (Male) |
| 4:05 | Queue | Villager (Male) |
| 4:05 | Queue | Villager (Male) |
| 4:32 | Build | Mill |
| 4:36 | Queue | Villager (Male) |
| 4:36 | Queue | Villager (Male) |
| 4:36 | Queue | Villager (Male) |
| 4:41 | Queue | Villager (Male) |
| 4:41 | Queue | Villager (Male) |
| 5:02 | Queue | Villager (Male) |
| 5:02 | Queue | Villager (Male) |
| 5:38 | Queue | Villager (Male) |
| 5:38 | Queue | Villager (Male) |
| 6:03 | Queue | Villager (Male) |
| 6:04 | Queue | Villager (Male) |
| 6:19 | Build | House |
| 6:41 | Queue | Villager (Male) |
| 6:41 | Queue | Villager (Male) |
| 7:19 | Research | Loom |
| 7:56 | Research | Feudal Age |
| 8:21 | Build | Barracks |
| 8:40 | Queue | Villager (Male) |
| 8:40 | Queue | Villager (Male) |
| 8:57 | Build | Lumber Camp |
| 9:31 | Build | House |
| 10:31 | Age | Feudal Age |
| 10:33 | Build | Stable |
| 10:34 | Research | Double-Bit Axe |
| 10:45 | Queue | Villager (Male) |
| 10:48 | Build | House |
| 11:05 | Build | Blacksmith |
| 11:12 | Build | Mining Camp |
| 11:17 | Queue | Scout Cavalry |
| 11:20 | Queue | Scout Cavalry |
| 11:36 | Build | House |
| 11:38 | Queue | Villager (Male) |
| 11:38 | Queue | Villager (Male) |
| 11:39 | Queue | Villager (Male) |
| 11:39 | Queue | Villager (Male) |
| 11:57 | Queue | Villager (Male) |
| 11:59 | Research | Scale Barding Armor |
| 12:03 | Queue | Villager (Male) |
| 12:19 | Build | House |
| 12:26 | Queue | Villager (Male) |
| 12:30 | Build | Farm |
| 12:33 | Build | Farm |
| 12:40 | Build | Farm |
| 12:43 | Build | Farm |
| 12:43 | Queue | Villager (Male) |
| 12:45 | Build | Farm |
| 12:47 | Build | Farm |
| 12:49 | Build | Farm |
| 13:03 | Queue | Scout Cavalry |
| 13:29 | Queue | Villager (Male) |
| 13:43 | Build | Farm |
| 13:46 | Build | Farm |
| 13:47 | Build | Farm |
| 13:49 | Build | Farm |
| 13:52 | Build | Farm |
| 13:53 | Queue | Villager (Male) |
| 14:06 | Queue | Villager (Male) |
| 14:12 | Build | House |
| 14:13 | Build | House |
| 14:16 | Build | Palisade Wall |
| 14:19 | Queue | Villager (Male) |
| 14:21 | Build | Farm |
| 14:37 | Queue | Villager (Male) |
| 14:37 | Queue | Villager (Male) |
| 14:37 | Queue | Villager (Male) |
| 15:15 | Build | Farm |
| 15:17 | Build | Farm |
| 15:18 | Build | Farm |
| 15:33 | Build | Farm |
| 15:35 | Research | Wheelbarrow |
| 15:57 | Build | Farm |
| 16:57 | Queue | Villager (Male) |
| 17:00 | Research | Castle Age |
| 17:18 | Build | Stable |
| 17:22 | Research | Gold Mining |
| 17:57 | Build | Archery Range |
| 17:58 | Build | Palisade Wall |
| 18:07 | Build | House |
| 18:13 | Build | Palisade Wall |
| 18:37 | Research | Fletching |
| 18:38 | Research | Padded Archer Armor |
| 19:43 | Age | Castle Age |
| 19:45 | Research | Man-at-Arms (upgrade) |
| 19:49 | Build | Town Center |
| 19:54 | Queue | Villager (Male) |
| 19:54 | Queue | Villager (Male) |
| 20:06 | Queue | Villager (Male) |
| 20:06 | Queue | Villager (Male) |
| 20:26 | Research | Long Swordsman (upgrade) |
| 20:26 | Queue | Militia |
| 20:30 | Research | Forging |
| 20:38 | Queue | Villager (Male) |
| 20:41 | Research | Husbandry |
| 20:43 | Queue | Villager (Male) |
| 20:43 | Queue | Villager (Male) |
| 20:44 | Queue | Villager (Male) |
| 20:48 | Queue | Skirmisher |
| 20:48 | Queue | Skirmisher |
| 20:49 | Queue | Skirmisher |
| 20:50 | Queue | Villager (Male) |
| 20:51 | Queue | Villager (Male) |
| 21:07 | Queue | Villager (Male) |
| 21:07 | Queue | Villager (Male) |
| 21:12 | Build | Barracks |
| 21:26 | Queue | Camel Scout |
| 21:33 | Queue | Militia |
| 21:46 | Queue | Militia |
| 21:47 | Queue | Militia |
| 22:15 | Queue | Villager (Male) |
| 22:15 | Queue | Villager (Male) |
| 22:31 | Queue | Villager (Male) |
| 22:31 | Queue | Villager (Male) |
| 22:52 | Queue | Villager (Male) |
| 22:52 | Queue | Villager (Male) |
| 23:10 | Queue | Villager (Male) |
| 23:10 | Queue | Villager (Male) |
Build order — CalZing
90 actions detected in the replay
| 0:00 | Queue | Villager (Male) |
| 0:01 | Queue | Villager (Male) |
| 0:01 | Queue | Villager (Male) |
| 0:01 | Queue | Villager (Male) |
| 0:04 | Build | House |
| 0:09 | Build | House |
| 1:39 | Queue | Villager (Male) |
| 2:07 | Queue | Villager (Male) |
| 2:24 | Queue | Villager (Male) |
| 2:57 | Queue | Villager (Male) |
| 3:03 | Build | Settlement |
| 3:17 | Queue | Villager (Male) |
| 3:54 | Queue | Villager (Male) |
| 3:54 | Queue | Villager (Male) |
| 3:54 | Queue | Villager (Male) |
| 3:54 | Queue | Villager (Male) |
| 5:11 | Queue | Villager (Male) |
| 5:16 | Queue | Villager (Male) |
| 5:45 | Queue | Villager (Male) |
| 5:45 | Queue | Villager (Male) |
| 5:45 | Queue | Villager (Male) |
| 6:04 | Build | Settlement |
| 7:03 | Build | Settlement |
| 7:22 | Queue | Villager (Male) |
| 8:04 | Build | Settlement |
| 8:07 | Build | House |
| 8:11 | Research | Loom |
| 8:12 | Research | Feudal Age |
| 10:35 | Queue | Villager (Male) |
| 10:36 | Queue | Villager (Male) |
| 10:46 | Age | Feudal Age |
| 10:54 | Build | Market |
| 10:56 | Build | Blacksmith |
| 11:23 | Queue | Villager (Male) |
| 12:17 | Research | Castle Age |
| 12:17 | Research | Castle Age |
| 12:40 | Build | Barracks |
| 13:59 | Queue | Villager (Male) |
| 13:59 | Queue | Villager (Male) |
| 14:46 | Research | Scale Mail Armor |
| 14:57 | Age | Castle Age |
| 14:58 | Build | Monastery |
| 14:59 | Build | Monastery |
| 15:13 | Queue | Villager (Male) |
| 15:16 | Build | Farm |
| 15:16 | Build | Farm |
| 15:17 | Build | Farm |
| 15:18 | Build | Farm |
| 15:43 | Queue | Monk |
| 15:44 | Research | Sanctity |
| 15:48 | Queue | Villager (Male) |
| 15:57 | Queue | Spearman |
| 16:06 | Queue | Monk |
| 16:13 | Build | Farm |
| 16:51 | Queue | Spearman |
| 16:52 | Queue | Villager (Male) |
| 17:09 | Queue | Unit 2586 |
| 17:52 | Queue | Villager (Male) |
| 17:54 | Research | Town Watch |
| 18:10 | Queue | Unit 2586 |
| 18:11 | Queue | Unit 2586 |
| 18:30 | Queue | Unit 2586 |
| 18:31 | Queue | Unit 2586 |
| 18:36 | Build | House |
| 18:40 | Build | House |
| 18:42 | Build | House |
| 18:44 | Build | House |
| 18:46 | Build | House |
| 18:48 | Queue | Villager (Male) |
| 19:35 | Research | Redemption |
| 19:54 | Queue | Monk |
| 19:55 | Queue | Villager (Male) |
| 19:56 | Queue | Villager (Male) |
| 19:56 | Queue | Villager (Male) |
| 20:15 | Queue | Villager (Male) |
| 20:26 | Queue | Monk |
| 21:02 | Queue | Villager (Male) |
| 21:15 | Queue | Villager (Male) |
| 21:21 | Queue | Monk |
| 21:22 | Queue | Monk |
| 21:53 | Queue | Villager (Male) |
| 22:16 | Queue | Unit 2586 |
| 22:17 | Queue | Monk |
| 22:17 | Queue | Monk |
| 22:18 | Queue | Monk |
| 22:40 | Queue | Monk |
| 22:42 | Queue | Villager (Male) |
| 23:06 | Queue | Monk |
| 23:08 | Research | Fervor |
| 23:16 | Queue | Unit 1570 |
Match timeline
| 8:21 | pabloic16 · first_building Barracks |
| 10:31 | pabloic16 · age_up feudal |
| 10:33 | pabloic16 · first_building Stable |
| 10:46 | CalZing · age_up feudal |
| 12:40 | CalZing · first_building Barracks |
| 14:16 | pabloic16 · wall_segment Palisade Wall x5 |
| 14:57 | CalZing · age_up castle |
| 14:58 | CalZing · first_building Monastery |
| 17:57 | pabloic16 · first_building Archery Range |
| 17:58 | pabloic16 · wall_segment Palisade Wall x1 |
| 18:13 | pabloic16 · wall_segment Palisade Wall x1 |
| 18:29 | CalZing · first_market_sell 100 stone |
| 18:29 | CalZing · first_market_buy 100 food |
| 19:43 | pabloic16 · age_up castle |
| 23:16 | pabloic16 · resign |
[ AI ANALYSIS · 1 CREDIT ]
What really happened in this match?
Wolo.gg analyzes every decision: build order, eco, micro, common mistakes by bracket. Personalized analysis on WhatsApp or Discord in 30 seconds.
Civ guide
Byzantines
Perfil
Jugador #2181986